 Dungeon Crawl Stone Soup version 0.30-a0-737-gf23d94013f (webtiles) character file.

Game seed: 2763341084812992286

43 Chromium the Covered (level 3, -4/33 HPs)
             Began as an Armataur Fighter on Feb 1, 2023.
             Succumbed to a goblin's poison
             ... on level 1 of the Dungeon.
             The game lasted 00:02:55 (597 turns).

Chromium the Covered (Armataur Fighter)              Turns: 597, Time: 00:02:56

Health: -4/33      AC:  9    Str: 23    XL:     3   Next: 37%
Magic:  3/3        EV:  4    Int:  8    God:
Gold:   36         SH:  4    Dex:  9    Spells: 2/2 levels left

rFire   . . .      SeeInvis .    a - +0 long sword
rCold   . . .      Faith    .    c - +0 buckler
rNeg    . . .      Spirit   .    i - +0 plate armour
rPois   .          Reflect  .    (no helmet)
rElec   .          Harm     .    (no cloak)
rCorr   .          Roll     +    (no gloves)
Will    .....                    (no barding) Stlth
                                 (no amulet)
HPRegen 0.25/turn                (no ring)
MPRegen 0.08/turn                (no ring)

@: lethally poisoned (-4 -> -35)
A: large, rugged brown scales 3, deformed body, armoured tail, roll, long
tongue, awkward tongue
a: no special abilities


You were on level 1 of the Dungeon.
You visited 1 branch of the dungeon, and saw 2 of its levels.

You collected 36 gold pieces.

Inventory:

Hand Weapons
 a - a +0 long sword (weapon)
Armour
 c - a +0 buckler (worn)
 i - a +0 plate armour (worn)
Scrolls
 f - 2 scrolls of enchant weapon {unknown}
 g - a scroll of brand weapon {unknown}
 h - a scroll of noise {unknown}
 j - a scroll of identify {unknown}
Potions
 b - a potion of berserk rage {unknown}
 d - a potion of might
 e - a potion of haste {unknown}


   Skills:
 + Level 3.0 Fighting
 + Level 2.2 Long Blades
 + Level 4.2 Armour
 + Level 0.1 Dodging
 + Level 3.7 Shields


You had 2 spell levels left.
You didn't know any spells.
Your spell library contained the following spells:

 Spells                   Type           Power      Damage    Failure   Level
 Apportation              Tloc           0%         N/A       100%        1
 Necrotise                Necr           0%         1d4       100%        1
 Summon Small Mammal      Summ           0%         N/A       100%        1


Dungeon Overview and Level Annotations

Branches:
Dungeon (2/15)

Altars:

Shops:
D:1 !

Annotations:
D:2 Robin


Innate Abilities, Weirdness & Mutations

You are completely covered in rugged brown scales. (AC +3, +7% HP)
Armour fits poorly on your strangely shaped body.
You have a long armoured tail.
You roll when moving toward enemies. (Rampage)
Your long tongue fully drains potion bottles. (2x potion effects)
Your tongue gives you trouble enunciating. (1.5x scroll delay)


Message History

You see here a rat skeleton.
Done exploring.
Things that are here:
a +0 dagger; 3 stones
There is a stone staircase leading down here.
You climb downwards.
Robin shouts!
The goblin shouts! x3; The hobgoblin shouts!
The goblin shouts! x3
The hobgoblin shouts!
Found a club.
There is a stone staircase leading up here.
You closely miss the goblin.
A rat comes into view.
Robin's bangles clink loudly.
Robin roars a battlecry!
The goblins go into a battle-frenzy!
The goblin hits you with a +0 club.
You hit the goblin.
You kill the goblin!
The goblin hits you but does no damage.
An endoplasm comes into view.
You closely miss the goblin.
Your tail-slap misses the goblin.
The goblin hits you but does no damage. You block the goblin's attack.
The goblin hits you with a +0 dagger of venom.
You are poisoned.
The goblin hits you with a +2 dagger of speed.
The goblin hits you with a +0 club. The goblin hits you but does no damage.
You are more poisoned.
You closely miss the goblin.
You feel very sick. You block the goblin's attack.
The goblin hits you but does no damage.
You are lethally poisoned!
The goblin hits you but does no damage. x2
You feel very sick. The goblin barely misses you.
The goblin hits you with a +0 club.
* * * LOW HITPOINT WARNING * * *
The goblin hits you but does no damage.
You are more poisoned.
The goblin closely misses you.
You climb upwards.
You die...

#.#.#.##.#.#...÷...###.##..†##...
.#.#.#.#.#.#...)...# #.####.##...
≈≈≈.#.#..#.#....÷..# #.# #.###..
<.≈#.#.#..........## #.# #.#...#
..≈.#.#..#.#.......# #.# #...###
..≈#.#.###.#.......# #.# #..##
~~~.#.####.#.......# #.# #.†#
.#.#.#...#.##..gg.## #.# ##..##
#.#.#.#..#.###.g@## #.###...>##
###...##(....###### #.#...##..#
##..######........# #.#.#####.#
....# #.###....# #.#.# #.## ###.#
#.# ###### #.#.# #... # #.# #.#
#.#.# ###. # #.# #.# #.#.# #. #
#.# #.# #...# ##. # #.# #.#
#..#######..


You could see 3 goblins.

Vanquished Creatures
  A gnoll (D:1)
  2 ball pythons (D:1)
  2 bats (D:1)
  2 endoplasms (D:1)
  A giant cockroach (D:1)
  3 goblins
  5 hobgoblins (D:1)
  2 jackals (D:1)
  A quokka (D:1)
  4 frilled lizards (D:1)
  6 kobolds (D:1)
  2 rats (D:1)
31 creatures vanquished.

Notes
Turn   | Place    | Note
-------+----------+-------------------------------------------
     0 | D:1      | Chromium the Armataur Fighter began the quest for the Orb.
     0 | D:1      | Reached XP level 1. HP: 19/19 MP: 1/1
    79 | D:1      | Reached XP level 2. HP: 10/26 MP: 2/2
   186 | D:1      | Found Ratrov's Distillery.
   220 | D:1      | Reached skill level 4 in Armour
   285 | D:1      | Reached XP level 3. HP: 31/33 MP: 3/3
   591 | D:2      | Noticed Robin
   597 | D:1      | Succumbed to a goblin's poison

Illustrated notes

Levels and vault maps discovered:
D:1:      ncdulo_watergridlock, layout_rooms, serial_shops,
          nicolae_shop_advertising_works [nicolae_subvault_shop_adworks]
D:2:      minmay_diamond_boxcup, layout_rooms, minmay_tromino_i2, uniq_robin,
          uniq_terence, uniq_jessica

Skill      XL: |  1  2 |
---------------+-------+-----
Long Blades    | 2 |  2.2
Armour         | 4 |  4.2
Fighting       | 3 |  3.0
Dodging        | |  0.1
Shields        | |  3.7

Action                     || total
---------------------------++-------
  Melee: Long sword        ||    89
         Tailslap          ||    10
 Armour: Scale mail        ||     9
         Plate armour      ||    87
  Dodge: Dodged            ||    37
  Block: Buckler           ||    30

Table legend: (Time is in decaauts)
 A = Elapsed time spent in this place.
 B = Non-inter-level travel time spent in this place.
 C = Inter-level travel time spent in this place.
 D = Time resting spent in this place.
 E = Time spent auto-exploring this place.
 F = Levels seen in this place.
 G = Mean time per level.
                   A        B        C        D        E       F      G
               +--------+--------+--------+--------+--------+-----+--------+
         Total |    626 |    470 |    156 |      0 |    274 |   2 |  313.0 |
       Dungeon |    626 |    470 |    156 |      0 |    274 |   2 |  313.0 |
               +--------+--------+--------+--------+--------+-----+--------+

Top non-repeatable levels by time:
     D:1: 619 daAuts
     D:2: 7 daAuts
